 Dungeon Crawl Stone Soup version 0.19-a0-1883-gc9e4fd8 (webtiles) character file.

2209 JeffiDaFish the Covert (level 9, -4/68 HPs)
             Began as a Vampire Enchanter on Oct 14, 2016.
             Slain by a hornet (10 damage)
             ... on level 7 of the Dungeon.
             The game lasted 00:27:06 (5431 turns).

JeffiDaFish the Covert (Vampire Enchanter)          Turns: 5431, Time: 00:27:07

Health: -4/68      AC:  7    Str:  9 (10) XL:     9   Next: 13%
Magic:  0/14       EV: 17    Int: 15 (17) God:
Gold:   309        SH:  0    Dex: 13 (15) Spells: 4 memorised, 7 levels left

rFire  . . .     SeeInvis +     g - +5 dagger
rCold  . . .     Gourm    .     b - +2 robe
rNeg   + . .     Faith    .     (no shield)
rPois  +         Spirit   .     (no helmet)
rElec  .         Dismiss  .     l - +2 cloak
rCorr  +         Reflect  .     (no gloves)
MR     .....     Harm     .     (no boots)
Stlth  ++++......               (no amulet)
                                t - +3 ring of evasion
                                e - ring of resist corrosion

@: lethally poisoned (-4 -> -11), slowed, very slow
A: fangs 3, see invisible, poison resistance, unbreathing
a: Bat Form


You were on level 7 of the Dungeon.
You were not thirsty.

You visited 1 branch of the dungeon, and saw 7 of its levels.

You collected 309 gold pieces.

Inventory:

Hand Weapons
 a - a +1 dagger
 g - a +5 dagger (weapon)
Missiles
 r - 21 arrows
Armour
 b - a +2 robe (worn)
 l - a +2 cloak (worn)
Jewellery
 e - a ring of resist corrosion (left hand)
 m - an uncursed ring of flight
 t - a +3 ring of evasion (right hand)
Scrolls
 f - 2 scrolls of remove curse
 i - 3 scrolls of identify
 k - 2 scrolls of amnesia
 s - a scroll of magic mapping
Potions
 d - 12 potions of blood
 j - 2 potions of brilliance
 u - a potion of resistance
Books
 c - a book of Maledictions

   Spells                             Type                      Level
   a - Corona                         Hexes                        1
   b - Ensorcelled Hibernation        Hexes/Ice                    2
   c - Confuse                        Hexes                        3
   d - Tukima's Dance                 Hexes                        3
   e - Dazzling Spray                 Conjuration/Hexes            3
 o - a book of Changes

   Spells                             Type                      Level
   a - Beastly Appendage              Transmutation                1
   b - Sticks to Snakes               Transmutation                2
   c - Spider Form                    Transmutation/Poison         3
   d - Ice Form                       Ice/Transmutation            4
   e - Blade Hands                    Transmutation                5
 q - a book of Misfortune

   Spells                             Type                      Level
   a - Confusing Touch                Hexes                        1
   b - Confuse                        Hexes                        3
   c - Gell's Gravitas                Hexes/Translocation          3
   d - Petrify                        Transmutation/Earth          4
   e - Metabolic Englaciation         Hexes/Ice                    5
   f - Yara's Violent Unravelling     Hexes/Transmutation          5


   Skills:
 * Level 5.3 Fighting
 + Level 5.0 Short Blades
 + Level 4.8 Dodging
 + Level 9.1 Stealth
 + Level 3.7 Spellcasting
 + Level 7.3 Hexes
 + Level 3.9 Ice Magic


You had 7 spell levels left.
You knew the following spells:

 Your Spells              Type           Power        Failure   Level  Hunger
a - Corona                Hex            ###....      1%          1    None
b - Ensorcelled Hibernat  Hex/Ice        ###...       2%          2    ##.....
c - Confuse               Hex            ###.....     2%          3    ###....
d - Sticks to Snakes      Tmut           #.......     34%         2    ##.....


Dungeon Overview and Level Annotations

Branches:
Dungeon (7/15)             Temple (0/1) D:7

Altars:
Okawaru
Ru
Sif Muna
Vehumet
Xom
Yredelemnul
Zin

Shops:
D:4 %   D:6 (

Annotations:
D:4 exclusion: statue


Innate Abilities, Weirdness & Mutations

You have razor-sharp teeth.
You have supernaturally acute eyesight. (SInv)
You can survive without breathing.
Your system is resistant to poisons. (rPois)


Message History

You suddenly lose the ability to move!
You can move again.
Casting: Ensorcelled Hibernation
Confirm with . or Enter, or press ? or * to list all spells.
You don't have enough magic to cast that spell.
You hit the hornet.
The hornet is moderately wounded.
You feel sick.
The hornet stings you but does no damage.
You closely miss the hornet.
The hornet is moderately wounded.
You feel sick.
The hornet stings you but does no damage.
The hornet stings you.
* * * LOW HITPOINT WARNING * * *
You closely miss the hornet.
The hornet is moderately wounded.
* * * LOW HITPOINT WARNING * * *
You feel sick. The hornet stings you!
You die...

####### #
###.....#### ###.
...........
.)..##### #.....#
........# #.....####
........###S........
........@yS5.....###
........###.....##
.......<.####.#.#
.........# .#..#
#..>..<.... .. ...
..............>#.###
..###.#.......<. #
#...###..#.#. .....
....


You could see a hornet, 2 adders and a shadow imp.

Vanquished Creatures
  A two-headed ogre (D:6)
  Grinder (D:6)
  2 orc warriors (D:6)
  A sky beast (D:6)
  A phantom (D:4)
  An ice beast (D:6)
  A necrophage (D:6)
  An ogre (D:4)
  A centaur (D:6)
  A bullfrog (D:6)
  A wyvern zombie (D:6)
  2 scorpions
  A howler monkey (D:4)
  4 crimson imps
  A jelly (D:5)
  3 orc priests
  A bullfrog skeleton (D:6)
  A centaur skeleton (D:5)
  4 hounds
  3 worker ants
  2 iguanas
  3 orc wizards
  A hound skeleton (D:4)
  A howler monkey skeleton (D:5)
  9 adders
  2 oozes (D:6)
  3 adder skeletons
  2 worms (D:2)
  5 dart slugs
  3 leopard geckos
  23 orcs
  2 ball pythons
  9 bats
  3 giant cockroaches
  5 goblins
  5 hobgoblins
  5 jackals
  2 quokkas
  5 frilled lizards
  4 kobolds
  A leopard gecko skeleton (D:5)
  10 rats
137 creatures vanquished.

Notes
Turn   | Place    | Note
-------+----------+-------------------------------------------
     0 | D:1      | JeffiDaFish the Vampire Enchanter began the quest for the Orb.
     0 | D:1      | Reached XP level 1. HP: 13/13 MP: 3/3
   111 | D:1      | Gained mutation: Your system is resistant to poisons. (rPois) [potion of beneficial mutation]
   309 | D:1      | Reached XP level 2. HP: 19/19 MP: 5/5
   319 | D:1      | Learned a level 2 spell: Ensorcelled Hibernation
   407 | D:2      | Reached skill level 5 in Stealth
   559 | D:2      | Found a sacrificial altar of Ru.
   763 | D:2      | Reached XP level 3. HP: 22/24 MP: 6/6
  1328 | D:3      | Found a shimmering altar of Xom.
  1347 | D:3      | Reached XP level 4. HP: 29/30 MP: 7/7
  1372 | D:3      | Reached skill level 6 in Stealth
  1424 | D:3      | Found a basalt altar of Yredelemnul.
  1569 | D:3      | Learned a level 3 spell: Confuse
  1756 | D:3      | Found a deep blue altar of Sif Muna.
  1923 | D:4      | Reached skill level 1 in Fighting
  1923 | D:4      | Reached skill level 5 in Hexes
  1923 | D:4      | Reached XP level 5. HP: 37/37 MP: 8/8
  2118 | D:4      | Reached skill level 1 in Ice Magic
  2183 | D:4      | Noticed a phantom
  2200 | D:4      | Killed a phantom
  2200 | D:4      | Reached XP level 6. HP: 35/46 MP: 3/9
  2315 | D:4      | Found Soadupn's Food Boutique.
  2322 | D:4      | Found an iron altar of Okawaru.
  2653 | D:4      | Reached skill level 7 in Stealth
  2908 | D:4      | Found a radiant altar of Vehumet.
  2966 | D:4      | Reached XP level 7. HP: 51/51 MP: 11/11
  2981 | D:5      | Entered Level 5 of the Dungeon
  3515 | D:5      | Learned a level 2 spell: Sticks to Snakes
  3683 | D:6      | Noticed a two-headed ogre
  3845 | D:6      | Found Plog's Antique Weapon Emporium.
  4022 | D:6      | Reached XP level 8. HP: 47/60 MP: 9/12
  4243 | D:6      | Killed a two-headed ogre
  4243 | D:6      | Reached skill level 8 in Stealth
  4377 | D:6      | Found a glowing silver altar of Zin.
  4525 | D:6      | Reached skill level 5 in Fighting
  4759 | D:6      | Noticed Grinder
  4763 | D:6      | Killed Grinder
  4763 | D:6      | Reached XP level 9. HP: 68/68 MP: 14/14
  5042 | D:6      | Reached skill level 9 in Stealth
  5094 | D:6      | Reached skill level 5 in Short Blades
  5402 | D:7      | Found a staircase to the Ecumenical Temple.
  5428 | D:7      | Paralysed by a hornet for 1 turns
  5431 | D:7      | Slain by a hornet

Vault maps used:
D:1:      dpeg_arrival_signposts
D:2:      lemuel_crystal_altar, first_bread
D:3:      overflow_temple_1_default, lemuel_round_altar,
          nicolae_overflow_crystal_walls, fountainhead
D:4:      vehumet_statue, serial_shops, nicolae_shop_behind_doors,
          minmay_strange_pillars, okawaru_gym_becter
D:6:      serial_shops, shop_statue, serial_glass, glass_columns_b,
          glass_columns_a, minmay_ruined_shrine, uniq_grinder
D:7:      eat_drink_and_be_merry_uskayaw, nemelex_xobeh_ov_fountains_minmay,
          enter_bailey_3, minmay_misc_feat_square

Skill      XL: |  1  2  3  4  5  6  7  8  9 |
---------------+----------------------------+-----
Stealth        | 5 6 7 8 9 |  9.1
Short Blades   | 2 3 4 5 |  5.0
Fighting       | 1 2 4 5 |  5.3
Hexes          | 5 6 7 |  7.3
Ice Magic      | 1 2 3 |  3.9
Dodging        | 3 4 |  4.8
Spellcasting   | 3 |  3.7

Action                   |  1- 3 |  4- 6 |  7- 9 || total
-------------------------+-------+-------+-------++-------
Melee: Dagger            |   100 |   105 |   200 ||   405
       Bite              |     4 |     7 |    16 ||    27
 Cast: Ensorcelled Hiber |       |     6 |    37 ||    43
       Confuse           |       |     2 |    14 ||    16
 Abil: End Transformatio |       |       |     1 ||     1
       Bat Form          |       |       |     1 ||     1
  Use: Scroll            |    10 |     3 |     3 ||    16
       Potion            |     6 |     8 |    13 ||    27
 Stab: Sleeping          |    14 |    13 |    20 ||    47
       Confused          |       |     2 |     3 ||     5
Armor: Robe              |    27 |    24 |    41 ||    92
Dodge: Dodged            |    53 |    47 |   118 ||   218
